Map: Psionic Temple

Players

GEETAY

  • Race: Protoss Protoss
  • League: Platinum

FrostyFenix - Winner!

  • Race: Zerg Zerg
  • League: Diamond

VOD

Have the link to the VOD?

Description

Time

  • Played on: Oct. 10, 2016, 3:33 p.m.
  • Length: 7:45
Show
View Real Time Build Order
Export as new Build Order

GEETAY Protoss 

Build Orders:  

Get SALT Encoding   

  12  0:01  Probe (Chrono Boost)  
  13  0:11  Probe (Chrono Boost)  
  14  0:19  Pylon  
  14  0:23  Probe (Chrono Boost)  
  15  0:40  Probe (Chrono Boost)  
  16  0:47  Forge  
  16  0:51  Probe (Chrono Boost)  
  16  0:57  Pylon  
  17  1:03  Probe (Chrono Boost)  
  18  1:13  Gateway  
  18  1:19  Assimilator  
  18  1:21  Probe (Chrono Boost)  
  19  1:31  Probe (Chrono Boost)  
  20  1:34  Photon Cannon  
  20  1:36  Pylon  
  20  1:53  Probe (Chrono Boost)  
  21  2:01  Cybernetics Core  
  21  2:03  Probe (Chrono Boost)  
  22  2:16  Probe (Chrono Boost)  
  22  2:19  Assimilator  
  23  2:30  Nexus  
  23  2:38  Probe (Chrono Boost)  
  23  2:39  Warp Gate  
  23  2:40  Adept  
  26  2:48  Probe (Chrono Boost)  
  29  3:05  Mothership Core (Chrono Boost)  
  29  3:13  Pylon  
  29  3:18  Stalker  
  29  3:24  Probe (Chrono Boost)  
  32  3:36  Probe (Chrono Boost)  
  32  3:39  Stargate  
  33  3:43  Probe (Chrono Boost)  
  33  3:44  Stalker  
  33  3:48  Probe (Chrono Boost)  
  37  3:54  Pylon  
  37  4:03  Gateway  
  37  4:04  Probe (Chrono Boost)  
  37  4:05  Probe (Chrono Boost), Pylon  
  39  4:11  Stalker  
  39  4:14  Probe (Chrono Boost)  
  43  4:17  Probe (Chrono Boost)  
  43  4:22  Void Ray  
  43  4:25  Probe (Chrono Boost)  
  48  4:33  Probe (Chrono Boost)  
  48  4:35  Probe (Chrono Boost)  
  50  4:53  Gateway, Probe (Chrono Boost)  
  50  4:54  Probe (Chrono Boost)  
  50  4:55  Gateway, Assimilator  
  52  5:01  Robotics Facility  
  52  5:03  Probe (Chrono Boost)  
  52  5:05  Void Ray  
  57  5:18  Stalker  
  61  5:21  Probe (Chrono Boost)  
  61  5:22  Probe (Chrono Boost)  
  61  5:32  Probe (Chrono Boost)  
  61  5:33  Assimilator  
  61  5:35  Probe (Chrono Boost)  
  63  5:42  Probe (Chrono Boost)  
  56  6:00  Void Ray  
  45  6:08  Stalker x2  
  42  6:29  Mothership Core (Chrono Boost)  
  42  6:30  Immortal  
  47  7:12  Pylon  
  47  7:15  Pylon  
  43  7:17  Stalker  
Show
View Real Time Build Order
Export as new Build Order

FrostyFenix Zerg - Winner!

Build Orders: Hatch First, Roach Nydus 

Get SALT Encoding   

  12  0:01  Drone  
  13  0:08  Drone  
  14  0:15  Extractor  
  14  0:16  Drone  
  15  0:23  Overlord  
  15  0:48  Hatchery  
  15  0:49  Drone  
  15  0:53  Drone  
  16  1:09  Spawning Pool  
  15  1:12  Extractor  
  15  1:16  Drone  
  15  1:17  Drone  
  16  1:21  Drone  
  17  1:33  Overlord  
  17  1:49  Drone  
  17  1:50  Drone  
  20  2:03  Queen  
  22  2:08  Extractor  
  22  2:12  Roach Warren  
  20  2:18  Overlord  
  20  2:19  Overlord  
  20  2:34  Drone  
  20  2:35  Drone  
  22  2:53  Roach  
  24  3:05  Lair  
  24  3:08  Roach x2  
  28  3:15  Roach x3  
  28  3:19  Overlord  
  34  3:30  Overlord  
  34  3:52  Roach x4  
  34  3:54  Ravager x3  
  45  4:02  Spore Crawler  
  44  4:19  Queen  
  46  4:31  Nydus Network  
  45  4:42  Drone  
  45  4:44  Drone  
  47  4:56  Drone x2  
  47  4:57  Spore Crawler, Drone x2  
  50  5:02  Ravager  
  51  5:10  Queen  
  53  5:19  Nydus Canal  
  53  5:21  Overseer  
  53  5:29  Roach x3  
  53  6:02  Nydus Canal  
  51  6:12  Queen  
  51  6:14  Roach x3  
  57  6:29  Hydralisk Den  
  54  7:00  Queen  
  52  7:02  Hydralisk  
  52  7:10  Overlord x2  
  50  7:20  Spore Crawler  
  49  7:24  Overlord  
Tags
 
Add a new tag
Caveats
  • Supply blocks, unpowered buildings, or Contaminate may cause inaccurate times.
  • Supply counts are checked every 10 seconds.